 Dungeon Crawl Stone Soup version 0.28-a0-1513-ge4f4046303 (webtiles) character file.

Game seed: 9533095787168135567

280 Essalna the Firebug (level 6, -8/41 HPs)
             Began as a Demonspawn Fire Elementalist on Jan 16, 2022.
             Mangled by Pikel (10 damage)
             ... on level 4 of the Dungeon.
             The game lasted 00:07:40 (4751 turns).

Essalna the Firebug (Demonspawn Fire Elementalist)  Turns: 4751, Time: 00:07:41

Health: -8/41      AC:  5    Str: 15    XL:     6   Next: 5%
Magic:  4/11       EV: 12    Int: 18    God:
Gold:   167        SH:  0    Dex: 13    Spells: 9/12 levels left

rFire   . . .      SeeInvis .   b - +0 whip
rCold   . . .      Faith    .   (no shield)
rNeg    . . .      Spirit   .   a - +0 robe
rPois   .          Reflect  .   (no helmet)
rElec   .          Harm     .   (no cloak)
rCorr   .          Rampage  .   (no gloves)
Will    .....                   (no boots)
Stlth   ++........              (no amulet)
HPRegen 0.13/turn               r - +6 ring of strength
MPRegen 0.12/turn               (no ring)

@: no status effects
A: slimy green scales 2, foul stench 1, powered by death 1
a: no special abilities


You were on level 4 of the Dungeon.
You visited 1 branch of the dungeon, and saw 4 of its levels.

You collected 167 gold pieces.

Inventory:

Hand Weapons
 b - a +0 whip (weapon)
Armour
 a - a +0 robe (worn)
Magical Staves
 p - a staff of cold
Jewellery
 r - a +6 ring of strength (left hand)
Scrolls
 c - 2 scrolls of teleportation {unknown}
 d - 5 scrolls of identify {unknown}
 f - 2 scrolls of fog {unknown}
 i - a scroll of enchant armour {unknown}
 m - a scroll of summoning {unknown}
 n - a scroll of magic mapping {unknown}
 o - a scroll of blinking {unknown}
 q - a scroll of silence {unknown}
 s - a scroll of vulnerability {unknown}
Potions
 e - 2 potions of lignification {unknown}
 g - a potion of magic {unknown}
 h - a potion of curing {unknown}
 j - a potion of degeneration {unknown}
 k - 2 potions of heal wounds {unknown}
 l - a potion of brilliance {unknown}


   Skills:
 - Level 1.7 Dodging
 - Level 1.7 Stealth
 + Level 3.7 Spellcasting
 + Level 3.5 Conjurations
 + Level 4.1 Fire Magic


You had 9 spell levels left.
You knew the following spells:

 Your Spells              Type           Power      Damage    Failure   Level
a - Foxfire               Conj/Fire      68%        2x1d7     3%          1
b - Scorch                Fire           36%        2d7       4%          2

Your spell library contained the following spells:

 Spells                   Type           Power      Damage    Failure   Level
 Conjure Flame            Conj/Fire      17%        6-21      10%         3
 Inner Flame              Hex/Fire       10%        N/A       19%         3
 Flame Wave               Conj/Fire      17%        2d5       30%         4


Dungeon Overview and Level Annotations

Branches:
Dungeon (4/15)
 Temple: D:4-7

Altars:

Shops:
D:2 =

Annotations:
D:4 Pikel


Innate Abilities, Weirdness & Mutations

You are mostly covered in slimy green scales. (AC +3)
You may rarely emit foul miasma when damaged in melee.
You regenerate a little health from kills.


Message History

Pikel is lightly wounded.
The foxfire hits Pikel but does no damage.
Pikel is lightly wounded.
Pikel barely misses you.
Casting: Foxfire (safe; 3% risk of failure)
Confirm with . or Enter, or press ? or * to list all spells.
You conjure some foxfire!
The foxfire hits Pikel.
Pikel is lightly wounded.
The foxfire hits Pikel.
Pikel is moderately wounded.
Pikel hits you with a +2 whip of electrocution.
Casting: Foxfire (safe; 3% risk of failure)
Confirm with . or Enter, or press ? or * to list all spells.
You conjure some foxfire!
The foxfire hits Pikel but does no damage.
Pikel is moderately wounded.
The hobgoblin hits you.
Pikel hits you with a +2 whip of electrocution.
You are electrocuted!
Casting: Foxfire (safe; 3% risk of failure)
Confirm with . or Enter, or press ? or * to list all spells.
You conjure some foxfire!
The foxfire hits Pikel.
Pikel is moderately wounded.
The foxfire hits Pikel but does no damage.
Pikel is moderately wounded.
The foxfire hits Pikel but does no damage.
Pikel is moderately wounded.
The hobgoblin barely misses you. Pikel closely misses you.
Casting: Foxfire (safe; 3% risk of failure)
Confirm with . or Enter, or press ? or * to list all spells.
You conjure some foxfire!
The foxfire hits Pikel but does no damage.
Pikel is moderately wounded.
The foxfire hits Pikel.
Pikel is moderately wounded.
The hobgoblin hits you.
Pikel hits you with a +2 whip of electrocution!
* * * LOW HITPOINT WARNING * * *
You are electrocuted!
You die...

##......## ##........##
#..........# #..........#
######### #..........#
#...#...# #..........#
#........ #.......[..#
#..)....#
##.....ยง.g##########....#
##.....v@K.....<........#
#......v...##########...#
#..........# #...#
#..........# #...#
#.....<....# #...#
#..........# #...#
##........## #####
##......## ########


You could see Pikel (ally target) and a hobgoblin.

Vanquished Creatures
  A necrophage (D:4)
  3 lemures (D:4)
  An orc wizard (D:3)
  An iguana (D:2)
  A hound skeleton (D:4)
  5 adders
  2 adder skeletons (D:4)
  2 worms
  2 dart slugs (D:4)
  10 orcs
  3 bats
  4 endoplasms
  3 giant cockroaches
  4 hobgoblins
  5 kobolds
  4 ball pythons
  4 frilled lizards
  5 goblins
  10 rats
70 creatures vanquished.

Vanquished Creatures (others)
  337 foxfires
337 creatures vanquished.

Grand Total: 407 creatures vanquished

Notes
Turn   | Place    | Note
-------+----------+-------------------------------------------
     0 | D:1      | Essalna the Demonspawn Fire Elementalist began the quest
                  | for the Orb.
     0 | D:1      | Reached XP level 1. HP: 13/13 MP: 3/3
    40 | D:1      | Found a faded altar of an unknown god.
   485 | D:1      | Gained mutation: You are partially covered in slimy green
                  | scales. (AC +2) [demonic ancestry]
   485 | D:1      | Reached XP level 2. HP: 19/19 MP: 0/5
   823 | D:1      | Reached skill level 3 in Fire Magic
  1330 | D:2      | Reached XP level 3. HP: 24/24 MP: 0/6
  1838 | D:2      | Found Pukain's Jewellery Boutique.
  2074 | D:2      | Gained mutation: You may rarely emit foul miasma when
                  | damaged in melee. [demonic ancestry]
  2074 | D:2      | Reached XP level 4. HP: 30/30 MP: 3/8
  2469 | D:2      | Identified the +10 short sword "Caetzoom" {pain, rPois rF+
                  | Int-3}
  2964 | D:3      | Learned a level 2 spell: Scorch
  3035 | D:3      | Gained mutation: You regenerate a little health from kills.
                  | [demonic ancestry]
  3035 | D:3      | Reached XP level 5. HP: 35/35 MP: 0/9
  3856 | D:4      | Noticed a necrophage
  3866 | D:4      | Killed a necrophage
  3867 | D:4      | Reached skill level 4 in Fire Magic
  4014 | D:4      | Gained mutation: You are mostly covered in slimy green
                  | scales. (AC +3) [demonic ancestry]
  4014 | D:4      | Reached XP level 6. HP: 39/41 MP: 0/11
  4196 | D:4      | Noticed Pikel
  4751 | D:4      | HP: 2/41 [Pikel (11)]
  4751 | D:4      | Mangled by Pikel

Illustrated notes

Levels and vault maps discovered:
D:1:      dpeg_arrival_pits, layout_loops_ring,
          ebering_ecumenical_altar_sacrificial, minmay_rat_gold_closets
D:2:      layout_loops_cross, serial_shops, shop, hex_large, minmay_3d_cube
D:3:      layout_basic
D:4:      layout_rooms, pf_just_have_faith, uniq_pikel

Skill      XL: |  1  2  3  4  5 |
---------------+----------------+-----
Fire Magic     | 3 4 |  4.1
Conjurations   | 2 3 |  3.5
Spellcasting   | 3 |  3.7
Dodging        | |  1.7
Stealth        | |  1.7

Action                   |  1- 3 |  4- 6 || total
-------------------------+-------+-------++-------
Melee: Whip              |    52 |    28 ||    80
 Cast: Foxfire           |    61 |   141 ||   202
 Stab: Sleeping          |     7 |     1 ||     8
Armor: Robe              |    16 |     6 ||    22
Dodge: Dodged            |    30 |    29 ||    59

Table legend: (Time is in decaauts)
 A = Elapsed time spent in this place.
 B = Non-inter-level travel time spent in this place.
 C = Inter-level travel time spent in this place.
 D = Time resting spent in this place.
 E = Time spent auto-exploring this place.
 F = Levels seen in this place.
 G = Mean time per level.
                   A        B        C        D        E       F      G
               +--------+--------+--------+--------+--------+-----+--------+
         Total |   4761 |   4622 |    139 |      0 |   3900 |   4 | 1190.2 |
       Dungeon |   4761 |   4622 |    139 |      0 |   3900 |   4 | 1190.2 |
               +--------+--------+--------+--------+--------+-----+--------+

Top non-repeatable levels by time:
     D:3: 1429 daAuts
     D:1: 1425 daAuts
     D:2: 1207 daAuts
     D:4: 698 daAuts
